 Dungeon Crawl Stone Soup version 0.30.1-9-gdf580d7c3d (webtiles) character file.

Game seed: 7723245763899148988

2212 growler the Zephyrmancer (level 9, -2/53 HPs)
             Began as a Tengu Air Elementalist on Oct 6, 2023.
             Succumbed to a killer bee's poison
             ... on level 7 of the Dungeon on Oct 7, 2023.
             The game lasted 00:21:18 (7946 turns).

growler the Zephyrmancer (Tengu Air Elementalist)   Turns: 7946, Time: 00:21:19

Health: -2/53      AC:  6    Str:  8    XL:     9   Next: 35%
Magic:  5/28       EV: 14    Int: 20    God:
Gold:   364        SH:  0    Dex: 15    Spells: 5/20 levels left

rFire   . . .        (no weapon)
rCold   . . .        (no shield)
rNeg    . . .        a - +0 robe
rPois   .            (helmet restricted)
rElec   .            (no cloak)
rCorr   .            (no gloves)
SInv    .            (boots unavailable)
Will    .....        (no amulet)
Stlth   ++           i - +4 ring of protection
HPRegen 0.28/turn    E - ring of magical power
MPRegen 0.21/turn

%: no passive effects
@: lethally poisoned (-2 -> -14), flying quickly and evasively, quick
A: beak, talons 3, nimble flight
a: no special abilities


You were on level 7 of the Dungeon.
You visited 2 branches of the dungeon, and saw 8 of its levels.
You also visited: Sewer.

You collected 364 gold pieces.

Inventory:

Armour
 a - a +0 robe (worn)
 c - a +1 pair of gloves
Jewellery
 i - a +4 ring of protection (left hand)
 o - a ring of resist corrosion
 v - a ring of willpower
 E - a ring of magical power (right hand)
Wands
 y - a wand of charming (13)
Scrolls
 d - a scroll of amnesia {unknown}
 f - 2 scrolls of identify
 g - 2 scrolls of poison
 j - 2 scrolls of blinking
 n - 2 scrolls of enchant armour
 p - 2 scrolls of immolation {unknown}
 q - a scroll of silence
 r - 5 scrolls of teleportation
 t - 2 scrolls of vulnerability {unknown}
 u - 2 scrolls of magic mapping {unknown}
 w - a scroll of fear {unknown}
 B - 2 scrolls of noise {unknown}
 D - a scroll of torment {unknown}
 F - a scroll of brand weapon {unknown}
Potions
 b - 4 potions of magic
 e - 3 potions of mutation {unknown}
 h - a potion of degeneration
 k - 2 potions of cancellation {unknown}
 l - 4 potions of flight
 m - 4 potions of attraction
 s - 3 potions of curing
 x - a potion of invisibility {unknown}
 z - 4 potions of lignification {unknown}
 A - a potion of haste {unknown}
 C - a potion of resistance {unknown}


   Skills:
 + Level 4.8 Fighting
 - Level 2.1 Dodging
 - Level 2.0 Stealth
 - Level 6.0 Spellcasting
 + Level 7.2 Conjurations
 + Level 10.3 Air Magic


You had 5 spell levels left.
You knew the following spells:

 Your Spells              Type           Power      Damage    Failure   Level
a - Shock                 Conj/Air       100%       1d9       1%          1
b - Static Discharge      Conj/Air       82%        2-6/arc   1%          2
c - Swiftness             Air            47%        N/A       1%          3
d - Airstrike             Air            23%        2d(4-20)  1%          4
e - Arcjolt               Conj/Air       20%        1d30      8%          5

Your spell library contained the following spells:

 Spells                   Type           Power      Damage    Failure   Level
 Vhi's Electric Charge    Tloc/Air       52%        N/A       3%          3
 Freeze                   Ice            24%        1d4       11%         1
 Volatile Blastmotes      Fire/Tloc      12%        2d11      30%         3
 Plasma Beam              Fire/Air       13%        2x1d26    88%         6
 Ignition                 Fire           3%         3d4       100%        8


Dungeon Overview and Level Annotations

Branches:
Dungeon (7/15)             Temple (1/1) D:5           Sewer (visited)

Altars:
Ashenzari
Cheibriados
Dithmenos
Elyvilon
Fedhas
Gozag
Hepliaklqana
Kikubaaqudgha
Makhleb
Nemelex Xobeh
Okawaru
Qazlal
Sif Muna
Trog
Uskayaw
Vehumet
Wu Jian
Xom
Yredelemnul
Zin
The Shining One

Shops:
D:3 [[   D:6 *


Innate Abilities, Weirdness & Mutations

You have a beak for a mouth.
You have claws for feet.
Your magical nature lets you fly swiftly and evasively.


Message History

The killer bee stings you but does no damage.
The killer bee misses you. The killer bee stings you. x4
You miss the killer bee.
The killer bee buzzes angrily.
Your kick misses the killer bee. Your peck misses the killer bee.
The killer bee stings you. The killer bee barely misses you.
The killer bee stings you but does no damage. x2
The gnoll sergeant closely misses you.
The killer bee stings you but does no damage.
The killer bee misses you. The killer bee closely misses you.
The killer bee stings you!
The killer bee attacks as you move away!
The killer bee completely misses you.
The killer bee stings you but does no damage.
The killer bee closely misses you. x2
You hit the killer bee but do no damage.
Your kick misses the killer bee. You peck the killer bee.
Your punch misses the killer bee.
The killer bee is moderately wounded.
The killer bee misses you. The killer bee stings you. x2
You are poisoned.
The killer bee poisons you! The killer bee barely misses you.
The gnoll sergeant hits you from afar with a +0 spear.
The killer bee closely misses you.
The killer bee stings you but does no damage.
The killer bee stings you.
* * * LOW HITPOINT WARNING * * *
The killer bee stings you.
* * * LOW HITPOINT WARNING * * *
The killer bee stings you.
* * * LOW HITPOINT WARNING * * *
You are more poisoned.
The killer bee poisons you!
Okay, then.
Blink to where?
Press: ? - help, Dir - move target
As you read the scroll of blinking, it crumbles to dust.
* * * LOW HITPOINT WARNING * * *
You feel very sick.
You die...

#. ###.#..#.####.#
..#.###...#..#.#..#.#
..........#..#.#..#.#
..#......#..#.#...<#
.#......##..#.#....#
#...#..)##..#......#
#..#....)...######.#
#...#.#..........#
.#..
..#@.##.#########
#...###..............
...#...#..##.########
..#.....#yy#........
#.......y........>#
.#..
..#.....#.y#######.#
.#...#...#...#.yy#
###...#.#...###..g.#
..
..#...#..#..#g..###


You could see a gnoll sergeant and 6 killer bees.

Vanquished Creatures
  4 humans (D:6)
  A steam dragon (D:7)
  A water moccasin (D:4)
  An orc warrior (D:6)
  A black bear (D:7)
  An ogre (D:4)
  3 phantoms
  A kobold brigand (D:6)
  2 bullfrogs
  2 scorpions
  2 jellies
  3 hounds (D:6)
  3 orc priests
  Terence (D:2)
  3 iguanas
  An orc wizard (D:3)
  9 adders
  3 river rats
  2 white imps
  An ufetubus (D:5)
  3 dart slugs
  26 orcs
  6 endoplasms
  3 giant cockroaches
  9 goblins
  4 hobgoblins
  2 jackals (D:2)
  8 kobolds
  5 quokkas (D:1)
  8 ball pythons
  5 bats
  9 frilled lizards
  13 rats
146 creatures vanquished.

Notes
Turn   | Place    | Note
-------+----------+-------------------------------------------
     0 | D:1      | growler the Tengu Air Elementalist began the quest for the
                  | Orb.
     0 | D:1      | Reached XP level 1. HP: 10/10 MP: 4/4
     2 | D:1      | Got the Parchment of the Blizzard and the Pyre
   210 | D:1      | Reached XP level 2. HP: 15/15 MP: 1/6
   524 | D:1      | Learned a level 2 spell: Static Discharge
   927 | D:1      | Reached XP level 3. HP: 19/19 MP: 2/7
   931 | D:1      | Learned a level 3 spell: Swiftness
  1619 | D:2      | Noticed Terence
  1933 | D:2      | Reached XP level 4. HP: 19/24 MP: 0/9
  2060 | D:2      | Reached skill level 5 in Air Magic
  2197 | D:2      | Killed Terence
  2613 | D:3      | Gained mutation: Your magical nature lets you fly swiftly
                  | and evasively. [Tengu growth]
  2613 | D:3      | Reached XP level 5. HP: 28/28 MP: 5/10
  2755 | D:3      | Found a faded altar of an unknown god.
  2974 | D:3      | Found Cexeogg's Antique Armour Emporium.
  3152 | D:3      | Found Emeas's Antique Armour Shop.
  3264 | D:3      | Learned a level 4 spell: Airstrike
  3281 | D:4      | Noticed a water moccasin
  3294 | D:4      | Killed a water moccasin
  3295 | D:4      | Reached skill level 6 in Air Magic
  3295 | D:4      | Reached XP level 6. HP: 31/32 MP: 0/12
  3534 | D:4      | Reached skill level 5 in Conjurations
  3780 | D:4      | Reached XP level 7. HP: 29/36 MP: 3/14
  4182 | D:4      | Reached skill level 7 in Air Magic
  4347 | D:5      | Entered Level 5 of the Dungeon
  4932 | D:5      | Found a staircase to the Ecumenical Temple.
  4941 | Temple   | Entered the Ecumenical Temple
  5560 | D:6      | Found a glowing drain.
  5581 | Sewer    | Entered a sewer
  6023 | D:6      | Reached skill level 5 in Spellcasting
  6023 | D:6      | Reached skill level 8 in Air Magic
  6023 | D:6      | Reached XP level 8. HP: 23/41 MP: 5/16
  6182 | D:6      | Reached skill level 1 in Fighting
  6281 | D:6      | Learned a level 5 spell: Arcjolt
  6391 | D:6      | Found a bloodstained altar of Trog.
  6710 | D:6      | Reached skill level 9 in Air Magic
  7068 | D:6      | Reached XP level 9. HP: 22/52 MP: 9/19
  7300 | D:6      | Found Wozy's General Store.
  7593 | D:7      | Reached skill level 10 in Air Magic
  7945 | D:7      | HP: 1/53 [poisoned by a killer bee]
  7946 | D:7      | Succumbed to a killer bee's poison

Illustrated notes

Levels and vault maps discovered:
D:1:      minmay_arrival_semitransparent, layout_basic, minmay_tiny_reverse_x
D:2:      layout_rooms, uniq_terence
D:3:      layout_rooms, chequers_ecumenical_altar_island, serial_shops,
          nicolae_shop_hallway_plus, shop
D:4:      layout_basic
D:5:      layout_basic, minmay_temple_entry_waves, lemuel_flamethrower_1
D:6:      layout_loops_ring, lemuel_round_altar, serial_shops, shop,
          portal_sewer_entry_a, minmay_ruffians
D:7:      layout_basic, minmay_splitting_lines, minmay_shattered_shrine,
          uniq_maggie
Temple:   roderic_octagonal_lattice_temple

Skill      XL: |  1  2  3  4  5  6  7  8  9 |
---------------+----------------------------+-----
Conjurations   | 2 3 4 5 6 7 |  7.2
Air Magic      | 5 6 8 9 10 | 10.3
Spellcasting   | 3 4 5 6 |  6.0
Fighting       | 4 |  4.8
Dodging        | |  2.1
Stealth        | |  2.0

Action                     |  1- 3 |  4- 6 |  7- 9 || total
---------------------------+-------+-------+-------++-------
  Melee: Unarmed           |    11 |    24 |    44 ||    79
         Kick              |     3 |     6 |    15 ||    24
         Punch             |     1 |       |       ||     1
         Peck              |       |     1 |    10 ||    11
   Cast: Shock             |    76 |    78 |   128 ||   282
         Static Discharge  |     2 |     8 |    15 ||    25
         Airstrike         |       |     1 |    26 ||    27
    Use: Scroll            |       |       |    10 ||    10
   Stab: Sleeping          |       |       |     1 ||     1
 Armour: Robe              |     2 |    13 |    10 ||    25
  Dodge: Dodged            |    17 |    22 |    57 ||    96
